[Event "7th Ali Ipek Memorial 2019"]
[Site "Ankara"]
[Date "2019.03.10"]
[Round "7.7"]
[White "Hokka, Fatih"]
[Black "Coban, Eren Cinar"]
[Result "0-1"]
[ECO "B13"]
[WhiteElo "1573"]
[BlackElo "1693"]
[Annotator "NA"]
[PlyCount "80"]
[EventDate "2019.03.06"]
[EventType "swiss"]
[EventCountry "TUR"]
[SourceTitle "playchess.com"]
[Source "ChessBase"]
[SourceQuality "1"]
[TimeControl "5400+30"]

1. Nf3 Nf6 2. d4 d5 3. Bf4 c5 4. e3 cxd4 5. exd4 Nc6 6. c3 g6 7. h3 Bg7 8. Bd3 O-O 9. O-O Nh5 10. Bg5 f6 11. Bd2 e5 12. Bb5 e4 13. Nh2 f5 14. Be2 f4 15. Bxh5 gxh5 16. Qxh5 Rf5 17. Qd1 Qh4 18. f3 e3 19. Be1 Qe7 20. Qe2 Rf7 21. Na3 Bf5 22. Rd1 h5 23. Kh1 Bf6 24. Rg1 Rg7 25. g4 hxg4 26. Nxg4 Bxg4 27. Rxg4 Rxg4 28. hxg4 Kg7 29. Nc2 Rh8+ 30. Kg1 Kf8 31. Qg2 Qh7 32. b3 Ne7 33. c4 Ng6 34. Bb4+ Kf7 35. Ne1 Bh4 36. Nd3 Bg3 37. Kf1 Qh1+ 38. Qxh1 Rxh1+ 39. Ke2 Rh2+ 40. Kf1 e2+ 0-1

[Event "7th Ali Ipek Memorial 2019"]
[Site "Ankara"]
[Date "2019.03.10"]
[Round "7.8"]
[White "Subasi, Fidel"]
[Black "Yuksel, Mahmut"]
[Result "1-0"]
[ECO "A44"]
[WhiteElo "1692"]
[BlackElo "1720"]
[Annotator "NA"]
[PlyCount "109"]
[EventDate "2019.03.06"]
[EventType "swiss"]
[EventCountry "TUR"]
[SourceTitle "playchess.com"]
[Source "ChessBase"]
[SourceQuality "1"]
[TimeControl "5400+30"]

1. d4 c5 2. d5 e5 3. e4 d6 4. f4 exf4 5. Nf3 g5 6. Bb5+ Bd7 7. Bxd7+ Nxd7 8. O-O h6 9. Bd2 Bg7 10. Bc3 Bxc3 11. Nxc3 Qb6 12. Qe2 O-O-O 13. a4 Ne5 14. Nxe5 dxe5 15. a5 Qa6 16. Qxa6 bxa6 17. Na4 f5 18. Nxc5 fxe4 19. c4 e3 20. Nxa6 Nf6 21. Nb4 Rh7 22. Nc6 Rd6 23. Nxe5 Ne4 24. b4 Nd2 25. Rfe1 Kb7 26. Rac1 Re7 27. Nd3 f3 28. Nc5+ Kc8 29. gxf3 Nxf3+ 30. Kg2 Nxe1+ 31. Rxe1 Rf6 32. Ne6 Rf2+ 33. Kg3 Rc2 34. c5 e2 35. Nd4 Rd2 36. d6 Rf7 37. Nxe2 Rb7 38. c6 Rd3+ 39. Kg2 Rxb4 40. Nd4 Rb2+ 41. Kf1 Rb1 42. d7+ Kc7 43. Ne6+ Kxc6 44. d8=N+ Kb5 45. Rxb1+ Kc4 46. Rb7 Rd1+ 47. Ke2 Ra1 48. Rxa7 Ra2+ 49. Ke3 Rxh2 50. Nc6 g4 51. Ned4 h5 52. Kf4 Kc5 53. Rb7 Rf2+ 54. Kg3 Ra2 55. Rb5+ 1-0

[Event "7th Ali Ipek Memorial 2019"]
[Site "Ankara"]
[Date "2019.03.10"]
[Round "7.9"]
[White "Kaynak, Deniz Can"]
[Black "Turkmen, Ataberk"]
[Result "0-1"]
[ECO "B07"]
[WhiteElo "1467"]
[BlackElo "1868"]
[Annotator "NA"]
[PlyCount "92"]
[EventDate "2019.03.06"]
[EventType "swiss"]
[EventCountry "TUR"]
[SourceTitle "playchess.com"]
[Source "ChessBase"]
[SourceQuality "1"]
[TimeControl "5400+30"]

1. e4 d6 2. d4 Nf6 3. Nc3 g6 4. Bg5 Bg7 5. e5 Nfd7 6. f4 O-O 7. Nf3 {[%emt 0:09:30] LiveBook: 8 Games} c5 {[%emt 0:06:30] B07: Pirc Defence: Miscellaneous Systems} (7... Nb6 8. Be2 Nc6 9. O-O f6 10. exf6 exf6 11. Bh4 d5 12. Ne1 Ne7 13. g4 Nc4 14. Bxc4 dxc4 15. Ng2 {0-1 (35) Gashimov,V (2761)-Ivanchuk,V (2766) Wijk aan Zee 2012}) 8. exd6 f6 9. Bc4+ Kh8 10. Bh4 exd6 11. O-O Nb6 12. Be2 Nc6 13. dxc5 dxc5 14. Qxd8 Rxd8 15. Rad1 $146 ({Predecessor:} 15. Bf2) 15... Bf5 16. Bf2 Bf8 17. Bd3 Bxd3 18. Rxd3 Rxd3 19. cxd3 Rd8 20. Rd1 Nd5 21. g3 b6 22. d4 Nxc3 23. bxc3 cxd4 24. Nxd4 Bc5 25. Kf1 $11 Bxd4 26. Bxd4 Nxd4 27. cxd4 Kg8 28. Ke2 Kf7 29. Kd3 Ke6 30. Ke4 Rd5 31. Rc1 f5+ 32. Kd3 Kd7 33. Rc2 Ra5 34. Re2 b5 35. Rb2 Ra3+ 36. Kd2 a6 37. Kc1 Ra4 38. Rd2 Kd6 39. Kb2 Rb4+ 40. Kc3 Rc4+ 41. Kd3 Kd5 42. Ke3 Rc3+ 43. Ke2 b4 44. Rb2 a5 45. Rd2 a4 46. Rb2 Rc4 0-1

[Event "7th Ali Ipek Memorial 2019"]
[Site "Ankara"]
[Date "2019.03.10"]
[Round "7.10"]
[White "Ozen, Halil Ibrahim"]
[Black "Elveren, Cinar"]
[Result "0-1"]
[ECO "B09"]
[WhiteElo "1637"]
[BlackElo "1391"]
[Annotator "NA"]
[PlyCount "107"]
[EventDate "2019.03.06"]
[EventType "swiss"]
[EventCountry "TUR"]
[SourceTitle "playchess.com"]
[Source "ChessBase"]
[SourceQuality "1"]
[TimeControl "5400+30"]

1. e4 d6 2. d4 Nf6 3. Nc3 g6 4. f4 Bg7 5. Nf3 O-O 6. Bd3 Na6 7. O-O c5 8. d5 Nc7 9. Qe1 a6 10. Qh4 h5 11. f5 c4 12. Bxc4 gxf5 13. exf5 Bxf5 14. Bg5 Nce8 15. Rae1 Bg6 16. Nd4 Ng4 17. Bxe7 Bxd4+ 18. Kh1 Qb6 19. Ne4 Ng7 20. h3 Rfe8 21. hxg4 Rxe7 22. Qxe7 Re8 23. Nf6+ Bxf6 24. Qxf6 Rxe1 25. Rxe1 Qb4 26. Qc3 Qxc3 27. bxc3 Bxc2 28. gxh5 Nxh5 29. Re7 b5 30. Bb3 Ng3+ 31. Kh2 Bxb3 32. axb3 Nf5 33. Re8+ Kg7 34. g4 Nh6 35. Kg3 Kf6 36. Kf4 Kg6 37. Ra8 f6 38. Rxa6 Nf7 39. Rb6 Ne5 40. Rxd6 Nd3+ 41. Kf3 b4 42. cxb4 Nxb4 43. Ke4 Nc2 44. Rc6 Nb4 45. Rc4 Na6 46. d6 Nb8 47. Rc8 Nd7 48. Rc7 Nf8 49. d7 Ne6 50. Rc8 Ng5+ 51. Ke3 f5 52. Rg8+ Kf7 53. Rxg5 f4+ 54. Kxf4 0-1

[Event "7th Ali Ipek Memorial 2019"]
[Site "Ankara"]
[Date "2019.03.10"]
[Round "7.11"]
[White "Kayaman, Metin"]
[Black "Vural, Burak"]
[Result "1-0"]
[ECO "E66"]
[WhiteElo "1667"]
[BlackElo "1501"]
[Annotator "NA"]
[PlyCount "79"]
[EventDate "2019.03.06"]
[EventType "swiss"]
[EventCountry "TUR"]
[SourceTitle "playchess.com"]
[Source "ChessBase"]
[SourceQuality "1"]
[TimeControl "5400+30"]

1. d4 Nf6 2. Nf3 g6 3. c4 Bg7 4. Nc3 O-O 5. g3 c5 6. Bg2 Nc6 7. d5 Na5 8. Nd2 d6 9. O-O e6 10. e4 exd5 11. exd5 Bg4 12. f3 Bf5 13. Re1 Bd3 14. Bf1 Bxf1 15. Kxf1 Qd7 16. Kg2 Rfe8 17. Rb1 Rxe1 18. Qxe1 Re8 19. Qf1 h5 20. Nde4 h4 21. Bg5 Nxe4 22. Nxe4 Qf5 23. g4 Qe5 24. Bxh4 f5 25. Bg3 Qd4 26. Nxd6 Qd2+ 27. Kh1 Re2 28. Re1 Rxe1 29. Qxe1 Qd3 30. Kg2 fxg4 31. Qe6+ Kh7 32. Qxg4 Qe2+ 33. Bf2 Qxb2 34. Qh4+ Bh6 35. Nf7 Qd2 36. Nxh6 Qxh6 37. Qxh6+ Kxh6 38. d6 b6 39. d7 Nc6 40. Bg3 1-0

[Event "7th Ali Ipek Memorial 2019"]
[Site "Ankara"]
[Date "2019.03.10"]
[Round "7.12"]
[White "Turkmen, Ataberk"]
[Black "Kayan, Yasar Efe"]
[Result "0-1"]
[ECO "E01"]
[WhiteElo "1868"]
[BlackElo "1516"]
[Annotator "NA"]
[PlyCount "138"]
[EventDate "2019.03.06"]
[EventType "swiss"]
[EventCountry "TUR"]
[SourceTitle "playchess.com"]
[Source "ChessBase"]
[SourceQuality "1"]
[TimeControl "5400+30"]

1. d4 e6 2. Nf3 Nf6 3. g3 d5 4. Bg2 c6 5. O-O Bd6 6. b3 O-O 7. c4 Nbd7 8. Bb2 Qe7 9. Nc3 a6 {[%emt 0:05:30] E01: Catalan: Early deviations} (9... dxc4 10. bxc4 e5 11. e3 Ba3 12. Bxa3 Qxa3 13. Qb3 Qxb3 14. axb3 exd4 15. exd4 Rd8 16. Rfd1 Nb6 17. d5 cxd5 {1-0 (50) Kanmazalp,O (2471)-Spalir,J (2363) Budapest 2018}) 10. c5 $146 ({Predecessor:} 10. a4 Ne4 11. Nxe4 dxe4 12. Ne5 f5 13. Qd2 c5 14. Rfd1 Nxe5 15. dxe5 Bc7 16. f3 exf3 17. exf3 {0-1 (40) Kiefer,D (2236)-Callam,H (2121) Germany 2005}) 10... Bc7 11. Rc1 e5 12. dxe5 Nxe5 13. e4 (13. Nd4 $11 {remains equal.}) 13... Nxf3+ (13... dxe4 $17 14. Nxe5 Bxe5) 14. Bxf3 (14. Qxf3 $11 {keeps the balance.} dxe4 15. Nxe4 Qxe4 16. Qxe4 Nxe4 17. Bxe4) 14... dxe4 (14... Nxe4 $17 15. Re1 (15. Nxe4 dxe4 16. Bg2 f5 $17) 15... f5) 15. Re1 $1 Bf5 {[%emt 0:01:00] [#]} 16. Nxe4 $1 Nxe4 17. Bxe4 (17. Qd4 $11 {keeps the balance.} Qf6 18. Bxe4 Qxd4 19. Bxd4 Bxe4 20. Rxe4) 17... Bxe4 18. f3 f5 19. Qc2 Rae8 ({Weaker is} 19... Bxc2 20. Rxe7 Rf7 21. Rxf7 $11) ({Black should try} 19... Qg5 $19 20. fxe4 f4) 20. Qc4+ {[%emt 0:02:30] Pin} Kh8 21. Re3 $2 (21. Qc3 $17) 21... Qg5 22. Qe2 Bxg3 23. hxg3 {[%emt 0:05:30] [#]} Qxg3+ $17 (23... Bxf3 $1 $19 24. Rxe8 (24. Qxf3 Rxe3) 24... Qxg3+ 25. Kf1 Bxe2+ 26. Rxe2 Qf3+ 27. Ke1 f4) 24. Qg2 Qxg2+ 25. Kxg2 Bd5 26. Rce1 Bf7 27. Re5 Kg8 28. Kg3 g5 29. Re7 Rxe7 30. Rxe7 Re8 31. Rxb7 h5 32. Bf6 f4+ 33. Kh3 Re3 34. Rb8+ Kh7 35. Bxg5 Rxf3+ 36. Kh2 Kg6 37. Bh4 Rc3 38. Rd8 Rc2+ 39. Kg1 Kf5 40. Rd6 Rxc5 41. Rf6+ Kg4 42. Rxf7 Kxh4 43. Rxf4+ Kg3 44. Rf1 Rc2 45. Ra1 Rb2 46. Kh1 h4 47. Rg1+ Kf3 48. Rc1 Rxa2 49. Rxc6 Ke3 50. Rh6 Kd3 51. Rxh4 Kc3 52. Ra4 Rxa4 53. bxa4 Kb4 54. Kg2 Kxa4 55. Kf2 Kb3 56. Ke2 Kc2 57. Ke3 a5 58. Kd4 a4 59. Kc4 a3 60. Kb4 a2 61. Ka3 a1=Q+ 62. Kb4 Qd4+ 63. Kb5 Kb3 64. Kc6 Kc4 65. Kb7 Qd6 66. Kc8 Qe7 67. Kb8 Kb5 68. Ka8 Ka6 69. Kb8 Qd8# 0-1